 Dungeon Crawl Stone Soup version 0.27-a0-1060-gcb85b5eba1 (webtiles) character file.

Game seed: 2695046292153089391

263359 Lugonue the Eclecticist (level 20, -6/172 HPs)
             Began as a Djinni Fire Elementalist on Apr 20, 2021.
             Was an Initiate of Gozag.
             Shot with a bolt by a yaktaur (31 damage)
             ... led by a vault warden
             ... on level 3 of the Vaults on Apr 21, 2021.
             The game lasted 02:54:26 (50313 turns).

Lugonue the Eclecticist (Djinni Fire Elementalist) Turns: 50313, Time: 02:54:27

Health: -6/172     AC: 14    Str:  8    XL:     20   Next: 42%
Gold:   6730       EV: 18    Int: 36    God:    Gozag SH: 23 Dex: 16

rFire    + + +     SeeInvis .   y - staff of fire
rCold    + + .     Faith    .   J - +0 tower shield {rC+}
rNeg     . . .     Spirit   .   H - +0 troll leather armour
rPois    ∞         Reflect  +   U - +2 helmet
rElec    +         Harm     +   v - +1 cloak
rCorr    .         Rampage  .   K - +3 pair of gloves of Beogh {Harm}
Will     ++...                  (boots unavailable)
Stlth    +++.......             C - amulet of Ekherie {Reflect rC+ SH+5}
HPRegen  1.38/turn              q - ring "Dareu" {rC+ Int+6}
MPRegen  0.00/turn              s - ring "Pyblan" {rElec Str+3 Int+6}

@: gold aura, flying, studying Fighting
A: fire resistance 2, cold vulnerability 1, float, innate caster, hp casting,
extra vitality 1, deterioration 1, robust 2, weak 1
}: 1/15 runes: gossamer
a: Renounce Religion, Potion Petition, Call Merchant, Bribe Branch


You were on level 3 of the Vaults.
You worshipped Gozag.
Gozag was greatly pleased with you.
You visited 7 branches of the dungeon, and saw 35 of its levels.
You also visited: Gauntlet and Ice Cave.

You collected 15513 gold pieces.
You spent 4992 gold pieces at shops.
You paid 3791 gold pieces to Gozag.

Inventory:

Missiles
 h - 8 boomerangs of dispersal
 w - 13 throwing nets
 N - 7 atropa-tipped darts
Armour
 v - a +1 cloak (worn)
 E - a +1 robe of the Archmagi
 H - a +0 troll leather armour (worn)
 J - a +0 tower shield of cold resistance (worn)
 K - the +3 pair of gloves of Beogh (worn) {Harm}
   (You found it in a Gauntlet)

   It increases damage dealt and taken.
 U - a +2 helmet (worn)
 W - the +0 helmet of Hepliaklqana {Harm Stlth+}
   (You found it on level 3 of the Lair of Beasts)

   It increases damage dealt and taken.
   It makes you more stealthy.
Magical Staves
 c - a staff of death
 d - a staff of poison
 f - a staff of conjuration
 y - a staff of fire (weapon)
 F - a staff of air
Jewellery
 m - a ring of protection from fire
 q - the ring "Dareu" (left hand) {rC+ Int+6}
   (You bought it in a shop on level 6 of the Lair of Beasts)

   [ring of intelligence]

   It affects your intelligence (+6).
   It protects you from cold.
 s - the ring "Pyblan" (right hand) {rElec Str+3 Int+6}
   (You found it in a Gauntlet)

   [ring of intelligence]

   It affects your strength (+3).
   It affects your intelligence (+6).
   It insulates you from electricity.
 B - a +6 ring of intelligence
 C - the amulet of Ekherie (around neck) {Reflect rC+ SH+5}
   (You acquired it in a Gauntlet)

   [amulet of reflection]

   It reflects blocked missile attacks.
   It protects you from cold.
   It affects your SH (+5).
 D - a ring of willpower
 L - an amulet of regeneration
 S - a ring of positive energy
Wands
 e - a wand of flame (14)
 u - a wand of acid (30)
 A - a wand of digging (11)
 I - a wand of polymorph (9)
 M - a wand of charming (11)
 P - a wand of iceblast (28)
 T - a wand of mindburst (13)
Scrolls
 a - 3 scrolls of magic mapping
 g - 2 scrolls of blinking
 n - 4 scrolls of silence
 p - 3 scrolls of enchant armour
 r - 10 scrolls of teleportation
 t - 22 scrolls of identify
 x - 9 scrolls of fog
 Q - 2 scrolls of enchant weapon
 V - a scroll of fear
Potions
 b - 6 potions of might
 i - 7 potions of brilliance
 k - 2 potions of ambrosia
 l - 9 potions of mutation
 o - 6 potions of curing
 z - 4 potions of resistance
 G - 3 potions of haste
 O - a potion of heal wounds
Miscellaneous
 j - a phantom mirror
 R - a lightning rod (4/4)


   Skills:
 + Level 13.2 Fighting
 + Level 7.2 Staves
 + Level 6.2 Armour
 + Level 15.4 Dodging
 - Level 4.9 Stealth
 + Level 16.2 Shields
 - Level 20.8 Spellcasting


You had 5 spell levels left.
You knew the following spells:

 Your Spells              Type           Power      Damage    Failure   Level
a - Foxfire               Conj/Fire      100%       2x1d9     0%          1
b - Conjure Flame         Conj/Fire      100%       6-21      0%          3
c - Inner Flame           Hex/Fire       100%       N/A       0%          3
d - Sticky Flame          Conj/Fire      100%       2d11      0%          4
e - Fireball              Conj/Fire      68%        3d26      1%          5
f - Pain                  Necr           100%       1d9       0%          1
g - Wereblood             Tmut           100%       N/A       0%          2
h - Stone Arrow           Conj/Erth      100%       3d13      0%          3
i - Passage of Golubria   Tloc           N/A        N/A       0%          4
j - Borgnjor's Vile Clut  Necr/Erth      56%        N/A       1%          5
k - Iskenderun's Battles  Conj           100%       2d15      1%          5
l - Invisibility          Hex            100%       N/A       1%          6
m - Statue Form           Tmut/Erth      74%        N/A       1%          6
n - Summon Hydra          Summ           56%        N/A       1%          7
Your spell library was empty.

Dungeon Overview and Level Annotations

Branches:
Dungeon (15/15)            Temple (1/1) D:5            Lair (6/6) D:8
 Shoals (4/4) Lair:2       Spider (4/4) Lair:2        Slime (0/5) Lair:6
    Orc (2/2) D:9             Elf (0/3) Orc:2        Vaults (3/5) D:13
 Depths (0/5) D:15          IceCv (visited)         Gauntlet (visited)
  Crypt: Vaults:2-3

Altars:
Ashenzari
Cheibriados
Dithmenos
Elyvilon
Fedhas
Gozag
Hepliaklqana
Kikubaaqudgha
Makhleb
Nemelex Xobeh
Okawaru
Qazlal
Ru
Sif Muna
Trog
Uskayaw
Vehumet
Wu Jian
Xom
Yredelemnul
Zin
The Shining One
Beogh

Shops:
D:12 *   D:13 *[==   D:14 (   Orc:2 ([*:   Lair:2 (   Lair:6 =   Shoals:1 =
Spider:2 ![

Portals:
Abyss: Lair:2
Trove: D:13 (give 7 potions of haste)

Annotations:
D:3 3 runed translucent doors, Anon1729's ghost, amateur DsAM
D:12 1 runed translucent door
Lair:2 2 transporters, p0werm0de's ghost, journeyman GrFi
Lair:5 exclusion: 2 oklob plants
Shoals:1 2 transporters, Hymn's ghost, journeyman DDFi


Innate Abilities, Weirdness & Mutations

You are immune to poison.
Your flesh is very heat resistant. (rF++)
You are vulnerable to cold. (rC-)
You float through the air rather than walking.
You learn spells naturally, not from books.
Your magical power is your life essence.
You have superior vitality. (+4 HP)
Your body sometimes deteriorates upon taking damage.
You are very robust. (+20% HP)
You are weak. (Str -2)


Message History

Your four-headed hydra bites the war gargoyle but does no damage. x2
The war gargoyle barely misses your four-headed hydra.
The war gargoyle closely misses your four-headed hydra.
The vault sentinel hits your four-headed hydra with a +0 morningstar!!
Your four-headed hydra bites the vault sentinel!
Your four-headed hydra bites the vault sentinel. x2
Your four-headed hydra bites the vault sentinel!
The yaktaur hits your four-headed hydra.
The war gargoyle launches metal splinters at your four-headed hydra.
The spray of metal splinters hits your four-headed hydra!!!
Your four-headed hydra bites the war gargoyle but does no damage.
Your four-headed hydra bites the war gargoyle.
Your four-headed hydra bites the war gargoyle but does no damage.
Your four-headed hydra bites the war gargoyle.
The yaktaur hits your four-headed hydra!
Your four-headed hydra dies!
Your four-headed hydra's corpse disappears in a puff of smoke!
Casting: Passage of Golubria (safe; 0% risk of failure)
Confirm with . or Enter, or press ? or * to list all spells.
Aiming: Borgnjor's Vile Clutch (safe; 1% risk of failure)
Press: ? - help, Shift-Dir - straight line, f - war gargoyle
Aim: a war gargoyle, wielding a +0 morningstar (severely damaged, unaware, catching its breath, hasn't noticed you, 100% to hit)
Zombie hands grab the war gargoyle.
Zombie hands grab the vault sentinel.
* * * LOW HITPOINT WARNING * * *
The zombie hands constrict the vault sentinel!
The zombie hands constrict the war gargoyle, but do no damage.
The war gargoyle struggles to escape constriction. x2
The vault sentinel blows a loud note on a signal horn!
You hear a shout! x2
Unknown command.
The zombie hands constrict the vault sentinel!
You kill the vault sentinel!
The zombie hands constrict the war gargoyle.
The war gargoyle becomes distracted by the nearby gold, dreaming of imaginary riches.
The zombie hands constrict the war gargoyle!!
You destroy the war gargoyle!
The yaktaur wields a +0 arbalest.
The yaktaur shoots a bolt.
The bolt hits you!!
You die...
Your body crumbles into a pile of gold.

#.^$########cp.
#.cc#.(....#
#...#......#
#...#......#
#...#......#
#...#......#
#...#.<....#
#...#......#
#..@#......#
#...#......#
#...##'#####..
#.............
#.............
#.............
#.!...########
#.....# #.....#


You could see 2 yaktaurs.

Vanquished Creatures
  Mara (Spider:3)
  Bai Suzhen (Spider:3)
  Arachne (Spider:3)
  Jorgrun (Spider:3)
  Rupert (Lair:5)
  A kraken (Shoals:3)
  Ilsuiw (Shoals:1)
  7 vault wardens
  6 ghost moths
  A frost giant (IceCv)
  6 emperor scorpions
  An ironbound preserver (Vaults:2)
  A stone giant (Orc:2)
  4 very ugly things (Vaults:2)
  3 war gargoyles
  The ghost of Amui the Cruncher, a journeyman GrGl of Okawaru (Lair:6)
  2 spark wasps
  3 entropy weavers
  Azrael (Spider:3)
  4 merfolk javelineers
  Josephine (Orc:2)
  A yaktaur captain (Vaults:3)
  3 ettins (Orc:2)
  5 merfolk impalers
  A fire dragon (Lair:6)
  9 hydras
  7 boulder beetles
  A peacekeeper (Vaults:3)
  2 merfolk avatars
  An ironbound thunderhulk (Vaults:2)
  5 vault guards (Vaults:2)
  5 centaur warriors
  A catoblepas (Lair:3)
  An alligator snapping turtle (Shoals:2)
  An ironbound frostheart (Vaults:2)
  7 death scarabs (Spider:4)
  An anaconda (Shoals:1)
  6 merfolk aquamancers
  4 death yaks (Lair:6)
  A satyr (Shoals:2)
  7 two-headed ogres
  An ironbound beastmaster (Vaults:2)
  An orc high priest (Orc:1)
  Sonja (Lair:1)
  2 spectral emperor scorpions (Spider:4)
  2 skeletal warriors (D:15)
  A fire crab (Lair:6)
  15 sea snakes
  4 deep trolls (Vaults:2)
  2 lindwurms (Vaults:2)
  A glowing orange brain (Vaults:2)
  2 wizards (Vaults:2)
  Pikel (D:4)
  14 harpies
  2 ironbound convokers (Vaults:2)
  A spectral wolf spider (Spider:4)
  A wolf spider zombie (Spider:4)
  20 orb spiders
  2 deep elf pyromancers
  25 wolf spiders
  2 oklob plants (Lair:5)
  An orc sorcerer (Orc:2)
  3 orc knights
  7 manticores
  4 moths of wrath
  3 ugly things (Vaults:2)
  16 cyclopes
  14 elephants
  5 fauns (Shoals:2)
  8 black mambas
  7 merfolk sirens
  2 vault sentinels
  A gargoyle (D:12)
  8 cane toads
  2 torpor snails
  3 water nymphs
  An ice statue (IceCv)
  2 molten gargoyles (Lair:6)
  8 rime drakes
  2 unseen horrors (D:12)
  4 spectral redbacks (Spider:4)
  Maggie (D:8)
  13 komodo dragons
  4 redback zombies (Spider:4)
  11 demonic crawlers
  5 kobold demonologists
  Psyche (D:8)
  A queen bee (Lair:2)
  13 yaktaurs
  Prince Ribbit (D:6)
  4 trolls
  2 spectral tarantellas (Spider:4)
  29 merfolk
  50 jumping spiders
  A meliai (D:15)
  2 wind drakes (Shoals:3)
  8 hornets
  10 snapping turtles
  16 polar bears
  4 jumping spider zombies (Spider:4)
  23 blink frogs
  A slime creature (D:14)
  24 dream sheep
  27 tarantellas
  73 redbacks
  A spriggan (Lair:2)
  14 water elementals
  2 vampires
  4 wraiths (Orc:2)
  86 yaks
  5 fire elementals
  13 wyverns
  A golden eye (shapeshifter) (D:15)
  4 hogs (D:7)
  16 basilisks
  17 humans
  3 steam dragons
  3 vampire mosquitoes
  4 wargs
  An acid dragon (D:13)
  3 large abominations (Gauntlet)
  6 hell hounds
  22 water moccasins
  14 orc warriors
  A black bear (Lair:2)
  2 sky beasts
  An ice beast (D:5)
  2 hornet zombies (Spider:4)
  5 ogres
  28 wolves
  17 centaurs
  2 lemures (D:4)
  3 phantoms
  A kobold brigand (D:7)
  5 small abominations (Gauntlet)
  7 bullfrogs
  A gnoll sergeant (D:7)
  2 water moccasin zombies (D:5)
  9 scorpions
  A wyvern skeleton (D:6)
  44 killer bees
  A howler monkey (D:8)
  10 wights
  A bullfrog zombie (D:6)
  5 lava snakes (Lair:6)
  4 hounds
  6 centaur zombies
  2 jellies
  15 orc priests
  A gnoll shaman (D:10)
  6 iguanas
  19 orc wizards
  6 hell rats (Lair:6)
  A killer bee zombie (D:4)
  Robin (D:2)
  7 adders
  15 gnolls
  A river rat (Lair:2)
  3 shadow imps
  13 white imps
  7 worms
  3 dart slugs
  61 orcs
  10 endoplasms
  3 giant cockroaches
  15 goblins
  3 hobgoblins
  11 jackals
  4 quokkas
  4 ball pythons
  11 bats
  4 frilled lizards
  17 kobolds
  8 rats
  2 bushes
  2 butterflies (D:12)
1274 creatures vanquished.

Vanquished Creatures (collateral kills)
  A kraken (Shoals:3)
  The ghost of Cianossu the Basher, a journeyman DsAK of Lugonu (D:13)
  A war gargoyle (Vaults:3)
  3 slime creatures
  A minotaur (Gauntlet)
  The ghost of Scuka the Severer, a journeyman MiBe of Trog (Lair:3)
  A merfolk impaler (Shoals:3)
  2 boulder beetles (D:15)
  A peacekeeper (Vaults:2)
  A yaktaur captain (Vaults:2)
  A great orb of eyes (Vaults:2)
  A catoblepas (Shoals:3)
  A hydra (D:11)
  A vault guard (Vaults:2)
  A centaur warrior (D:15)
  A merfolk aquamancer (Shoals:3)
  A two-headed ogre (D:10)
  A death yak (Lair:3)
  2 skeletal warriors (D:15)
  2 sea snakes (Shoals:3)
  A deep troll (Vaults:2)
  A wizard (Vaults:2)
  8 harpies (Shoals:3)
  A wolf spider (D:15)
  A cyclops (D:15)
  12 ugly things
  A manticore (D:11)
  3 vault sentinels (Vaults:2)
  A cane toad (Lair:3)
  A rime drake (shapeshifter) (D:14)
  2 yaktaurs (Vaults:2)
  A wind drake (Shoals:3)
  2 meliai (D:15)
  11 merfolk (Shoals:3)
  A wolf spider simulacrum (D:15)
  2 hornets (Gauntlet)
  A snapping turtle (Shoals:3)
  A slime creature (shapeshifter) (D:15)
  A meliai zombie (D:11)
  2 centaur simulacra
  3 water elementals (Shoals:3)
  2 basilisks (Shoals:3)
  6 vampire mosquitoes
  A nameless horror (D:14)
  An orc warrior (D:15)
  A black bear (shapeshifter) (D:14)
  A centaur (D:14)
  4 wolves (Gauntlet)
  A small abomination (Gauntlet)
  An orc (D:15)
  5 tentacles (Shoals:3)
105 creatures vanquished.

Vanquished Creatures (others)
  An orc warrior (D:12)
  370 foxfires
  45 fungi
  155 plants
  12 tentacles
  A withered plant (Shoals:3)
584 creatures vanquished.

Grand Total: 1963 creatures vanquished

Notes
Turn   | Place    | Note
-------+----------+-------------------------------------------
     0 | D:1      | Lugonue the Djinni Fire Elementalist began the quest for
                  | the Orb.
     0 | D:1      | Reached XP level 1. HP: 15/15 MP: 0/0
   569 | D:1      | Reached skill level 3 in Spellcasting
   569 | D:1      | Reached XP level 2. HP: 14/21 MP: 0/0
  1192 | D:1      | Reached XP level 3. HP: 21/25 MP: 0/0
  1192 | D:1      | Learned a level 1 spell: Pain
  2154 | D:2      | Reached XP level 4. HP: 19/31 MP: 0/0
  2513 | D:2      | Noticed Robin
  2520 | D:2      | Killed Robin
  2902 | D:2      | Reached skill level 4 in Spellcasting
  3278 | D:3      | Found a runed translucent gate.
  3278 | D:3      | Found an opulent altar of Gozag.
  3278 | D:3      | Found a runed translucent gate.
  3279 | D:3      | Found a runed translucent gate.
  3282 | D:3      | Noticed Anon1729's ghost (amateur DsAM)
  3284 | D:3      | Noticed a steam dragon
  3727 | D:3      | Reached XP level 5. HP: 36/36 MP: 0/0
  3727 | D:3      | Learned a level 2 spell: Wereblood
  4168 | D:3      | Noticed a sky beast
  4193 | D:3      | Killed a sky beast
  4194 | D:3      | Reached skill level 1 in Fighting
  4537 | D:3      | Reached XP level 6. HP: 30/42 MP: 0/0
  4684 | D:3      | Found a faded altar of an unknown god.
  5052 | D:4      | Reached skill level 5 in Spellcasting
  5887 | D:4      | Noticed Pikel
  5914 | D:4      | Reached XP level 7. HP: 30/48 MP: 0/0
  5914 | D:4      | Learned a level 3 spell: Stone Arrow
  5967 | D:4      | Killed Pikel
  5968 | D:4      | Reached skill level 5 in Dodging
  5968 | D:4      | Reached skill level 6 in Spellcasting
  5968 | D:4      | Reached XP level 8. HP: 7/55 MP: 0/0
  6637 | D:5      | Entered Level 5 of the Dungeon
  6657 | D:5      | Found a shimmering altar of Xom.
  6658 | D:5      | Noticed an angel
  6659 | D:5      | Found a glowing silver altar of Zin.
  6918 | D:5      | Reached skill level 7 in Spellcasting
  7050 | D:5      | Found a staircase to the Ecumenical Temple.
  7060 | Temple   | Entered the Ecumenical Temple
  7164 | Temple   | Became a worshipper of Gozag Ym Sagoz the Greedy
  7322 | D:5      | Found a sacrificial altar of Ru.
  7894 | D:6      | Reached skill level 8 in Spellcasting
  8065 | D:6      | Reached XP level 9. HP: 49/60 MP: 0/0
  8065 | D:6      | Learned a level 4 spell: Passage of Golubria
  8298 | D:6      | Gained mutation: Your body sometimes deteriorates upon
                  | taking damage. [potion of mutation]
  8298 | D:6      | Gained mutation: You are robust. (+10% HP) [potion of
                  | mutation]
  8298 | D:6      | Gained mutation: You are weak. (Str -2) [potion of
                  | mutation]
  8298 | D:6      | Gained mutation: You are very robust. (+20% HP) [potion of
                  | mutation]
  8319 | D:6      | HP: 1/73 [orc/+0 hand axe (6)]
  8677 | D:6      | Reached skill level 9 in Spellcasting
  9679 | D:7      | Reached skill level 10 in Spellcasting
  9680 | D:7      | Noticed Prince Ribbit
  9762 | D:6      | Killed Prince Ribbit
  9763 | D:6      | Reached XP level 10. HP: 29/80 MP: 0/0
 10077 | D:7      | Noticed a two-headed ogre
 10104 | D:7      | Killed a two-headed ogre
 10961 | D:7      | You are sucked into a shaft and drop 3 floors!
 10961 | D:10     | Entered Level 10 of the Dungeon
 11046 | D:10     | Reached skill level 11 in Spellcasting
 11238 | D:9      | Noticed a two-headed ogre
 11270 | D:9      | Noticed a kobold demonologist
 11278 | D:9      | Noticed a rust devil
 11281 | D:9      | Killed a kobold demonologist
 11388 | D:9      | Found a sparkling altar of Nemelex Xobeh.
 11633 | D:9      | Found a staircase to the Orcish Mines.
 11790 | D:9      | Reached skill level 5 in Fighting
 11984 | D:9      | Killed a two-headed ogre
 11985 | D:9      | Reached XP level 11. HP: 76/90 MP: 0/0
 11985 | D:9      | Learned a level 5 spell: Borgnjor's Vile Clutch
 12192 | D:9      | Noticed a two-headed ogre
 12196 | D:9      | Killed a two-headed ogre
 12197 | D:9      | Reached skill level 12 in Spellcasting
 12293 | D:9      | Found a white marble altar of Elyvilon.
 13266 | D:8      | Noticed a two-headed ogre
 13272 | D:8      | Killed a two-headed ogre
 13348 | D:8      | Identified the +1 leather armour "Nukhlan" {+Blink}
 13497 | D:8      | Noticed Maggie
 13502 | D:8      | Killed Maggie
 13514 | D:8      | Reached skill level 13 in Spellcasting
 13948 | D:8      | Noticed Psyche
 13951 | D:8      | Killed Psyche
 13965 | D:8      | Found a stormy altar of Qazlal.
 14099 | D:8      | Found a staircase to the Lair.
 15368 | Lair:1   | Entered Level 1 of the Lair of Beasts
 15394 | Lair:1   | Reached XP level 12. HP: 82/97 MP: 0/0
 15731 | Lair:1   | Reached skill level 14 in Spellcasting
 16248 | Lair:1   | Noticed Sonja
 16255 | Lair:1   | Killed Sonja
 17238 | Lair:2   | Noticed a four-headed hydra
 17242 | Lair:2   | Killed a four-headed hydra
 17242 | Lair:2   | Noticed a six-headed hydra
 17247 | Lair:2   | Killed a six-headed hydra
 17252 | Lair:2   | Noticed a boulder beetle
 17265 | Lair:2   | Killed a boulder beetle
 17266 | Lair:2   | Reached skill level 15 in Spellcasting
 17758 | Lair:2   | Found a hole to the Spider Nest.
 17950 | Lair:2   | Found a staircase to the Shoals.
 18108 | Lair:2   | Reached XP level 13. HP: 59/103 MP: 0/0
 18108 | Lair:2   | Learned a level 5 spell: Iskenderun's Battlesphere
 18457 | Lair:2   | Found a transporter.
 18460 | Lair:2   | Found a one-way gate to the infinite horrors of the Abyss.
 18460 | Lair:2   | Noticed p0werm0de's ghost (journeyman GrFi)
 18467 | Lair:2   | Found a transporter.
 18954 | Lair:2   | HP: 1/103 [killer bee (6)]
 19817 | Orc:1    | Entered Level 1 of the Orcish Mines
 20564 | Orc:1    | Reached skill level 16 in Spellcasting
 21120 | Orc:2    | Entered Level 2 of the Orcish Mines
 21121 | Orc:2    | Noticed an ettin
 21125 | Orc:2    | Killed an ettin
 21126 | Orc:2    | Noticed an ettin
 21132 | Orc:2    | Killed an ettin
 21133 | Orc:2    | Noticed Josephine
 21136 | Orc:2    | Killed Josephine
 21455 | Orc:2    | Found Zieduwui's General Store.
 21460 | Orc:2    | Noticed a stone giant
 21466 | Orc:2    | Killed a stone giant
 21475 | Orc:2    | Bought a potion of curing for 42 gold pieces
 21934 | Orc:2    | Found Muwyd's Antique Armour Shop.
 21951 | Orc:2    | Bought a runed cloak for 300 gold pieces
 21951 | Orc:2    | Bought a shiny buckler for 300 gold pieces
 21951 | Orc:2    | Bought a troll leather armour for 600 gold pieces
 22042 | Orc:2    | Found Qiafox's Antique Weapon Shoppe.
 22182 | Orc:2    | Noticed an ettin
 22194 | Orc:2    | Killed an ettin
 22248 | Orc:2    | Found a staircase to the Elven Halls.
 22258 | Orc:2    | Found Xocedgh's Book Shoppe.
 22267 | Orc:2    | Bought a manual of Shields for 1104 gold pieces
 22660 | Spider:1 | Entered Level 1 of the Spider Nest
 22664 | Spider:1 | Reached skill level 17 in Spellcasting
 22841 | Lair:2   | Reached skill level 1 in Shields
 22841 | Lair:2   | Reached XP level 14. HP: 94/111 MP: 0/0
 23299 | Lair:3   | Found a transporter.
 23350 | Lair:3   | Found a transporter.
 23607 | Lair:3   | Reached skill level 5 in Shields
 23902 | Lair:3   | Noticed Scuka's ghost (journeyman MiBe)
 24559 | Lair:5   | Identified a scroll of acquirement
 24559 | Lair:5   | Acquired a manual of Fighting
 24599 | Lair:5   | Found a frozen archway.
 24638 | IceCv    | Entered an ice cave
 24955 | IceCv    | Noticed a frost giant
 24959 | IceCv    | Killed a frost giant
 25004 | IceCv    | Reached skill level 18 in Spellcasting
 25480 | Lair:5   | Noticed Rupert
 25484 | Lair:5   | Killed Rupert
 25564 | Lair:5   | Reached XP level 15. HP: 101/123 MP: 0/0
 25564 | Lair:5   | Learned a level 6 spell: Invisibility
 26410 | Lair:6   | Entered Level 6 of the Lair of Beasts
 26796 | Lair:6   | Reached skill level 1 in Staves
 27102 | Lair:6   | Found a staircase to the Slime Pits.
 27695 | Lair:6   | Found a runed translucent gate.
 27695 | Lair:6   | Found a runed translucent gate.
 27695 | Lair:6   | Found a runed translucent gate.
 27695 | Lair:6   | Noticed Amui's ghost (journeyman GrGl)
 27799 | Lair:6   | Found a large runed translucent door.
 27799 | Lair:6   | Found a large runed translucent door.
 28100 | Lair:6   | Killed Amui's ghost
 28176 | Lair:6   | Bought the amulet of Teme {Reflect Fly Will+ Str-3 SH+5}
                  | for 691 gold pieces
 28176 | Lair:6   | Bought the ring "Dareu" {rC+ Int+6} for 1305 gold pieces
 28313 | Spider:1 | Noticed an emperor scorpion
 28490 | Spider:1 | Reached skill level 10 in Fighting
 28491 | Spider:1 | Reached skill level 19 in Spellcasting
 28496 | Spider:1 | Killed an emperor scorpion
 28497 | Spider:1 | Reached XP level 16. HP: 81/135 MP: 0/0
 28513 | Spider:1 | Reached skill level 10 in Shields
 28972 | Spider:1 | Acquired a staff of conjuration
 30190 | Spider:3 | Noticed Jorgrun
 30195 | Spider:3 | Killed Jorgrun
 30217 | Spider:3 | Noticed Bai Suzhen
 30226 | Spider:3 | Killed Bai Suzhen
 30227 | Spider:3 | Reached skill level 5 in Staves
 30480 | Spider:3 | Noticed Azrael
 30498 | Spider:3 | Noticed Arachne
 30719 | Spider:3 | Noticed Mara
 30740 | Spider:2 | Acquired 518 gold pieces
 30752 | Spider:2 | Bought a potion of curing for 30 gold pieces
 30752 | Spider:2 | Bought a potion of curing for 30 gold pieces
 30752 | Spider:2 | Bought a potion of curing for 30 gold pieces
 30752 | Spider:2 | Bought a potion of cancellation for 80 gold pieces
 31034 | Spider:3 | Killed Arachne
 31035 | Spider:3 | Reached XP level 17. HP: 126/147 MP: 0/0
 31035 | Spider:3 | Learned a level 6 spell: Statue Form
 31089 | Spider:3 | Killed Azrael
 31318 | Spider:3 | Identified the +7 mace of Mourning {freeze, rC+ Int-2
                  | Dex+3}
 31425 | Spider:3 | Noticed Lugonue's illusion
 31440 | Spider:3 | Killed Mara
 31441 | Spider:3 | Reached skill level 10 in Dodging
 31441 | Spider:3 | Reached skill level 20 in Spellcasting
 31986 | Spider:4 | Entered Level 4 of the Spider Nest
 34744 | Spider:4 | HP: 3/195 [jumping spider (23)]
 37415 | Spider:4 | Reached XP level 18. HP: 149/158 MP: 0/0
 37949 | Spider:4 | Got a gossamer rune of Zot
 38164 | Shoals:1 | Entered Level 1 of the Shoals
 39759 | Shoals:1 | Found a transporter.
 39767 | Shoals:1 | Found a transporter.
 39771 | Shoals:1 | Noticed Hymn's ghost (journeyman DDFi)
 39882 | Shoals:1 | Upgraded the game from 0.27-a0-1049-g450f9b2e0d to
                  | 0.27-a0-1060-gcb85b5eba1
 40129 | Shoals:1 | Found Noss's Jewellery Emporium.
 40163 | Shoals:1 | Bought an amulet of regeneration for 480 gold pieces
 41228 | Shoals:1 | HP: 2/158 [manticore/volley of spikes (5)]
 41494 | Shoals:2 | Noticed Ilsuiw
 41532 | Shoals:1 | Killed Ilsuiw
 41761 | Shoals:2 | Reached skill level 1 in Armour
 42648 | Shoals:3 | Reached XP level 19. HP: 45/165 MP: 0/0
 42648 | Shoals:3 | Learned a level 7 spell: Summon Hydra
 43765 | Shoals:4 | Entered Level 4 of the Shoals
 44808 | D:11     | Identified the +5 plate armour of the Untouchables {Fly
                  | Dex+4 Stlth-}
 45089 | D:12     | Found a runed translucent door.
 45090 | D:12     | Found a runed translucent door.
 45170 | D:12     | Found Xoapi's Assorted Antiques.
 45611 | D:13     | Found a gate to the Vaults.
 45768 | D:13     | Found Fise's Jewellery Boutique.
 45958 | D:13     | Found Rizuawacs's Jewellery Shoppe.
 46096 | D:13     | Found a portal to a secret trove of treasure.
 46265 | D:13     | Found Maisiapp's Armour Shop.
 46267 | D:13     | Found Uqausia's Assorted Antiques.
 46521 | D:13     | Found a runed translucent door.
 46525 | D:13     | Noticed Cianossu's ghost (journeyman DsAK)
 46635 | D:13     | Killed Cianossu's ghost
 46853 | D:14     | Found Zug Bafo's Weapon Boutique.
 47291 | D:15     | Entered Level 15 of the Dungeon
 47336 | D:15     | Found a gate leading to a gauntlet.
 47345 | Gauntlet | Entered a Gauntlet
 47345 | Gauntlet | Found a transporter.
 47345 | Gauntlet | Found a transporter.
 47348 | Gauntlet | Found a transporter.
 47348 | Gauntlet | Found a transporter.
 47352 | Gauntlet | Found a transporter.
 47352 | Gauntlet | Found a transporter.
 47408 | Gauntlet | Identified the ring "Pyblan" {rElec Str+3 Int+6}
 47431 | Gauntlet | Found a runed translucent door.
 47435 | Gauntlet | Found a transporter.
 47435 | Gauntlet | Found a transporter.
 47437 | Gauntlet | Found a runed translucent door.
 47439 | Gauntlet | Found a transporter.
 47439 | Gauntlet | Found a transporter.
 47495 | Gauntlet | Acquired the amulet of Ekherie {Reflect rC+ SH+5}
 47520 | Gauntlet | Found a transporter.
 47593 | Gauntlet | Found a transporter.
 47617 | Gauntlet | Found a runed translucent door.
 47648 | Gauntlet | Identified the Guide on Displacement
 47652 | Gauntlet | Identified the +11 dagger of the Stork {flame, rN+ Will+}
 47655 | Gauntlet | Identified the +3 pair of gloves of Beogh {Harm}
 47782 | D:15     | Found a staircase to the Depths.
 48840 | Lair:3   | Killed Scuka's ghost
 48853 | Lair:3   | Identified the +0 helmet of Hepliaklqana {Harm Stlth+}
 49082 | Vaults:1 | Entered Level 1 of the Vaults
 49124 | Vaults:1 | You are sucked into a shaft and drop 1 floor!
 49144 | Vaults:2 | Reached skill level 5 in Armour
 49149 | Vaults:2 | Reached skill level 15 in Shields
 49213 | Vaults:2 | Reached XP level 20. HP: 126/172 MP: 0/0
 49431 | Vaults:2 | Reached skill level 15 in Dodging
 50313 | Vaults:3 | Shot with a bolt by a yaktaur

Illustrated notes

Levels and vault maps discovered:
D:1:      zelgadis_glass_arrival_small, layout_basic
D:2:      mumra_celtic_spiral_tile, layout_rooms, chequers_avenue, uniq_robin
D:3:      layout_loops_cross, shapermc_ecumenical_altar_mp_urbaneastern,
          ebering_ghost_gozag, serial_bayou_pond_e
D:4:      layout_loops_ring, chequers_serial_rivers_room_b, minmay_between,
          uniq_pikel
D:5:      layout_rooms, grunt_temple_overflow_order_and_chaos_1,
          nicolae_ru_sacrificial_ziggurat, minmay_temple_entry_large_hall,
          kennysheep_generic_room_9
D:6:      layout_loops_corners, hangedman_decor_clover_reticule
D:7:      layout_rooms, grunt_livestock, grunt_ministairs_9, uniq_prince_ribbit1
D:8:      layout_basic, grunt_qazlal_sundering, nicolae_sif_muna_condensation,
          minmay_lair_entry_grove, special_room [special_room_orc],
          grunt_decor_cap, uniq_maggie, uniq_psyche
D:9:      layout_irregular_city, amcnicky_altar_gilded, kennysheep_little_box,
          david_orc_1_choice
D:10:     layout_gridville, enter_bailey_2, roderic_lattice_a,
          hangedman_decor_riveting
D:11:     layout_cave_pools
D:12:     lemuel_insect_pit, layout_basic, serial_shops,
          nicolae_shop_overgrown_old_shop
D:13:     layout_roguey, david_vaults_3, serial_shops, shop, shop, shop,
          kennysheep_mini_moat, nicolae_trove_entry_free_sample,
          gammafunk_ghost_grave, minmay_variable_closet
D:14:     layout_rooms, serial_shops, nicolae_shop_crystal, dk_noncrumbling_2
D:15:     hangedman_depths_entry_try_elsewhere_first, layout_irregular_city,
          serial_co_window_serial, co_window_corner_a,
          co_window_of_opportunity_a, co_window_corner_a, co_window_corner_a,
          co_window_paths_b, co_window_of_opportunity_b, co_window_corner_b,
          co_window_unsneaky_path_b, co_window_cross_4, glass_columns_b,
          glass_columns_b, glass_columns_a, minmay_misc_feat_diagonals,
          gauntlet_entry_generic
Temple:   regret_index_temple_waves
Lair:1:   layout_cave_pods, grunt_megastairs_1, uniq_sonja
Lair:2:   regret_index_combs_of_tragedy, layout_long_grid,
          minmay_shoals_entry_centaurs, nicolae_spider_entry_non_spiders,
          gammafunk_ghost_abyssal_escape, grunt_forest_stairs_clearing,
          lemuel_fruit_tree
Lair:3:   layout_hall_layers, gammafunk_ghost_berserking_beasts
Lair:4:   layout_big_grid, serial_bayou_shore_b, serial_bayou_shore_b
Lair:5:   layout_regular_city, portal_ice_cave_entry_imps,
          minmay_lair_oklob_chamber, grunt_megastairs_4, uniq_rupert
Lair:6:   cheibrodos_lair_end_hotspot, layout_regular_city, slime_dummy,
          ebering_ghost_rock_garden, kennysheep_basilisk_garden
Shoals:1: layout_shoals, serial_shops, shop, ebering_ghost_davey_jones,
          nicolae_shoals_siren_and_animal_friends
Shoals:2: layout_shoals, st_sunken_huts, uniq_ilsuiw
Shoals:3: layout_shoals, ldierk_geyser, argonaut_gorgonesque
Shoals:4: shoals_end_grunt_garden, layout_shoals, serial_shops, shop,
          nicolae_shoals_kraken_party
Spider:1: layout_spider_delve
Spider:2: layout_spider_delve
Spider:3: layout_chambers, nicolae_spider_webs_and_nodes, uniq_bai_suzhen,
          uniq_mara, uniq_azrael, uniq_jorgrun, uniq_arachne
Spider:4: floodkiller_spider_rune_tomb
Orc:1:    layout_diamond_mine
Orc:2:    grunt_orc_gardens, layout_caves, grunt_orc_garden, grunt_orc_garden,
          grunt_orc_garden, grunt_orc_garden, nicolae_orc_sculptors_studio,
          uniq_josephine
Vaults:1: nicolae_vaults_minivaults, vaults_room_boxed, v_misc_1, v_pattern_4,
          vaults_dpeg_cross, nicolae_vaults_asterisk, grunt_vaults_swirl,
          nicolae_vaults_border_crossing, layout_vaults_quadrants, uniq_aizul
Vaults:2: nicolae_vaults_mini_display_case, nicolae_vaults_puzzle_piece,
          ontoclasm_vaults_misaligned, vaults_room_large_hall,
          nicolae_vaults_little_squares_2, v_pattern_3,
          nicolae_vaults_windows_and_doors_thing, vaults_dpeg_encased_lava,
          vaults_dpeg_spiral, vaults_room_semicircle,
          ontoclasm_vaults_loading_screen, layout_vaults_omnibox
Vaults:3: minmay_crypt_entry_simple_sparse, hangedman_vaults_restitches,
          hangedman_vaults_nodes, vaults_not_door_vault_due,
          hangedman_vaults_variations, nicolae_vaults_stairing_the_circle,
          ontoclasm_vaults_spin, layout_vaults_chaotic_city, serial_shops,
          shop_fountains, uniq_margery

Skill      XL: |  1  2  3  4  5  6  7  8  9 10 11 12 13 14 15 16 17 18 19 20 |
---------------+-------------------------------------------------------------+-----
Spellcasting   | 3 4 5 6 8 10 11 13 15 17 18 19 20 | 20.8
Dodging        | 3 4 5 6 7 8 9 10 13 14 15 | 15.4
Fighting       | 1 2 3 4 5 7 10 12 13 | 13.2
Stealth        | 2 3 4 |  4.9
Shields        | 1 7 9 10 13 15 16 | 16.2
Staves         | 2 5 7 |  7.2
Armour         | 2 5 6 |  6.2

Action                   |  1- 3 |  4- 6 |  7- 9 | 10-12 | 13-15 | 16-18 | 19-21 || total
-------------------------+-------+-------+-------+-------+-------+-------+-------++-------
Melee: Staff             |     7 |    75 |    30 |    11 |    29 |   104 |   104 ||   360
 Cast: Foxfire           |    75 |   121 |    18 |    20 |     1 |     4 |     1 ||   240
       Sticky Flame      |       |     7 |     8 |    22 |    56 |    67 |    32 ||   192
       Pain              |       |     1 |       |       |       |       |       ||     1
       Stone Arrow       |       |       |    67 |   179 |   131 |   120 |     5 ||   502
       Conjure Flame     |       |       |     3 |    14 |     1 |     1 |     1 ||    20
       Wereblood         |       |       |     1 |       |       |       |       ||     1
       Fireball          |       |       |       |    55 |   165 |   191 |   103 ||   514
       Passage of Golubr |       |       |       |     7 |     5 |    21 |     7 ||    40
       Borgnjor's Vile C |       |       |       |    15 |    29 |   173 |    67 ||   284
       Inner Flame       |       |       |       |       |   131 |   114 |    23 ||   268
       Iskenderun's Batt |       |       |       |       |     3 |     2 |       ||     5
       Invisibility      |       |       |       |       |     4 |     8 |       ||    12
       Statue Form       |       |       |       |       |       |     2 |     2 ||     4
       Summon Hydra      |       |       |       |       |       |       |   117 ||   117
Invok: Potion Petition   |       |       |     1 |       |       |       |       ||     1
       Call Merchant     |       |       |       |       |     2 |     2 |       ||     4
 Abil: Evoke Blink       |       |       |       |     1 |     1 |       |       ||     2
Evoke: Wand              |       |       |       |       |     7 |       |       ||     7
  Use: Scroll            |       |     6 |     6 |    12 |     5 |     9 |     3 ||    41
       Potion            |       |     3 |     7 |       |     3 |     6 |     1 ||    20
 Stab: Sleeping          |       |     1 |       |       |       |       |       ||     1
       Invisible         |       |       |       |       |     2 |       |       ||     2
       Distracted        |       |       |       |       |       |       |     3 ||     3
Armor: Robe              |     3 |    20 |     1 |     2 |       |    23 |       ||    49
       Leather armour    |       |       |    10 |    11 |    14 |       |       ||    35
       Troll leather arm |       |       |       |       |    17 |    37 |    40 ||    94
       Skin              |       |       |       |       |       |    26 |     4 ||    30
Dodge: Dodged            |    17 |    99 |    62 |   107 |   128 |   282 |   104 ||   799
Block: Buckler           |       |       |       |       |    29 |    41 |       ||    70
       Tower shield      |       |       |       |       |       |   264 |   268 ||   532
       Reflection        |       |       |       |       |       |       |    27 ||    27

Table legend: (Time is in decaauts)
 A = Elapsed time spent in this place.
 B = Non-inter-level travel time spent in this place.
 C = Inter-level travel time spent in this place.
 D = Time resting spent in this place.
 E = Time spent auto-exploring this place.
 F = Levels seen in this place.
 G = Mean time per level.
                   A        B        C        D        E       F      G
               +--------+--------+--------+--------+--------+-----+--------+
         Total |  50541 |  48321 |   2220 |   7639 |  30769 |  37 | 1366.0 |
       Dungeon |  20624 |  19543 |   1081 |   2980 |  13010 |  15 | 1374.9 |
        Temple |    133 |    110 |     23 |      0 |     87 |   1 |  133.0 |
          Lair |  11081 |  10535 |    546 |   2480 |   6231 |   6 | 1846.8 |
        Shoals |   4382 |   4232 |    150 |    470 |   2428 |   4 | 1095.5 |
   Spider Nest |   9666 |   9345 |    321 |   1356 |   6332 |   4 | 2416.5 |
  Orcish Mines |   2220 |   2163 |     57 |    332 |   1431 |   2 | 1110.0 |
        Vaults |   1263 |   1223 |     40 |      0 |    788 |   3 |  421.0 |
      Ice Cave |    833 |    833 |      0 |      0 |    462 |   1 |  833.0 |
      Gauntlet |    337 |    337 |      0 |     21 |      0 |   1 |  337.0 |
               +--------+--------+--------+--------+--------+-----+--------+

Top non-repeatable levels by time:
Spider:4: 6137 daAuts
  Lair:2: 3884 daAuts
  Lair:1: 2737 daAuts
     D:9: 2651 daAuts
     D:6: 2503 daAuts
     D:4: 2030 daAuts
Shoals:1: 2007 daAuts
  Lair:6: 1831 daAuts
Spider:3: 1752 daAuts
     D:2: 1735 daAuts
     D:8: 1603 daAuts
     D:1: 1544 daAuts
     D:3: 1480 daAuts
     D:7: 1278 daAuts
Shoals:3: 1253 daAuts
